AoeStats
← Fluvialgeomorphologist

Black Forest

508814057Analyzed
4v4 RM · 7d ago on Sep 24, 2026· 72m 28s· 8 players
Game mode
Random Map
Map size
Large (8 player)
Population
200
Speed
Normal
Resources
Standard
Victory
Conquest
Starting age
Dark Age
Ending age
Imperial Age
RankedLock teamsTeams togetherTeam positionsShared explorationLock speedFull tech treeHidden civsTurbo modeCheats
Victory
Defeat
1005
+13
🇩🇪 Saxons · Germany
989
+13
🇨🇳 Koreans · China
947
+15
🇨🇳 Franks · China
881
+17
🇭🇰 Franks · Hong Kong SAR China
992
-17
🇨🇳 Goths · China
934
-15
🇺🇸 Bohemians · United States
930
-15
🇭🇰 Mongols · Hong Kong SAR China
836
-11
こちやさなえ
0:32 Loom
15:31 Feudal Age
19:19 Castle Age
18:13 Double-Bit Axe
24:30 Bow Saw
27:17 Wheelbarrow
28:02 Gold Mining
29:14 Fortified Wall
32:59 Imperial Age
31:07 Hand Cart
31:54 Forging
31:44 Scale Mail Armor
31:52 Scale Barding Armor
32:15 Treadmill Crane
33:03 Husbandry
33:02 Cavalier
34:21 Iron Casting
34:06 Chain Barding Armor
34:28 Gold Shaft Mining
34:42 Conscription
34:59 Chivalry
34:55 Paladin
37:21 Chemistry
38:21 Blast Furnace
38:18 Plate Barding Armor
45:13 Siege Engineers
54:04 Town Watch
55:56 Pikeman
56:39 Scale Mail Armor
56:36 Halberdier
57:04 Gambesons
57:23 Squires
57:08 Arson
57:42 Chain Mail Armor
60:10 Light Cavalry
Fluvialgeomorphologist
12:03 Feudal Age
10:18 Loom
16:44 Castle Age
14:46 Double-Bit Axe
15:26 Horse Collar
17:50 Heavy Plow
18:07 Bow Saw
20:36 Fervor
23:34 Wheelbarrow
29:38 Imperial Age
28:39 Chemistry
30:12 Houfnice
31:56 Hand Cart
32:00 Town Watch
32:41 Caravan
34:06 Forging
33:57 Scale Mail Armor
33:49 Fletching
34:05 Scale Barding Armor
34:01 Padded Archer Armor
34:11 Siege Engineers
34:35 Ballistics
35:50 Two-Man Saw
34:55 Pikeman
35:36 Squires
37:27 Halberdier
39:45 Iron Casting
39:26 Chain Mail Armor
39:27 Leather Archer Armor
39:08 Bodkin Arrow
42:51 Blast Furnace
42:22 Plate Mail Armor
41:48 Elite Hussite Wagon
42:00 Elite Hussite Wagon
43:29 Husbandry
44:16 Light Cavalry
815998941
0:32 Loom
12:29 Feudal Age
12:59 Double-Bit Axe
12:58 Horse Collar
14:23 Gold Mining
16:49 Wheelbarrow
21:27 Castle Age
22:19 Stone Mining
23:15 Hand Cart
24:19 Bow Saw
28:47 Heavy Plow
31:45 Imperial Age
29:51 Fletching
30:36 Masonry
31:30 Murder Holes
31:44 Anarchy
31:47 Squires
31:51 Scale Mail Armor
32:59 Conscription
33:10 Conscription
33:24 Forging
34:19 Chain Mail Armor
37:25 Iron Casting
37:34 Ballistics
39:27 Blast Furnace
41:07 Pikeman
yanbb0916
1:16 Loom
14:44 Feudal Age
15:34 Double-Bit Axe
15:32 Horse Collar
21:20 Castle Age
22:17 Heavy Plow
22:28 Bow Saw
27:56 Wheelbarrow
29:11 Hand Cart
30:40 Gold Mining
30:41 Stone Mining
31:59 Gold Shaft Mining
34:59 Imperial Age
32:17 Town Watch
33:11 Ballistics
33:02 Masonry
32:44 Fletching
32:55 Padded Archer Armor
33:30 Caravan
33:46 Town Patrol
34:42 Bodkin Arrow
35:02 Leather Archer Armor
35:43 Stone Shaft Mining
37:03 Chemistry
37:11 Conscription
36:14 Elite Mangudai
38:37 Hoardings
38:16 Bracer
39:00 Bloodlines
38:51 Husbandry
38:59 Thumb Ring
39:19 Parthian Tactics
39:01 Murder Holes
39:38 Siege Engineers
51:01 Drill
50:42 Nomads
55:18 Elite Skirmisher
70:54 Herbal Medicine
wuuua
1:04 Loom
19:14 Feudal Age
22:41 Castle Age
21:03 Double-Bit Axe
21:30 Horse Collar
28:37 Gold Mining
29:29 Fortified Wall
32:57 Wheelbarrow
32:52 Bow Saw
32:31 Loom
33:23 Heavy Plow
38:14 Imperial Age
35:21 Pikeman
35:57 Stone Mining
36:09 Town Watch
38:44 Gold Shaft Mining
39:56 Chemistry
39:19 Ballistics
40:01 Conscription
40:31 Hand Cart
40:22 Scale Mail Armor
40:13 Fletching
40:23 Halberdier
41:05 Squires
43:23 Arson
44:20 Forging
44:25 Chain Mail Armor
44:24 Bodkin Arrow
43:52 Elite War Wagon
45:46 Caravan
47:02 Plate Mail Armor
47:14 Bracer
47:49 Iron Casting
50:58 Masonry
50:29 Treadmill Crane
57:24 Siege Engineers
57:50 Architecture
57:06 Arrowslits
Angoy.
5:09 Loom
12:11 Feudal Age
16:54 Castle Age
14:58 Double-Bit Axe
24:21 Wheelbarrow
25:58 Hand Cart
26:06 Bow Saw
31:04 Imperial Age
29:07 Forging
29:16 Husbandry
29:51 Scale Barding Armor
31:16 Cavalier
33:03 Iron Casting
32:35 Light Cavalry
32:45 Paladin
33:49 Conscription
34:15 Conscription
34:03 Gold Mining
35:09 Chivalry
36:34 Blast Furnace
35:59 Chain Barding Armor
39:47 Plate Barding Armor
40:16 Gold Shaft Mining
53:00 Caravan
57:32 Onager
64:16 Chemistry
Big Olaf
12:44 Feudal Age
13:26 Double-Bit Axe
13:49 Horse Collar
20:41 Castle Age
18:59 Stone Mining
19:28 Gold Mining
23:05 Wheelbarrow
24:47 Bow Saw
24:44 Loom
27:26 Heavy Plow
29:12 Treadmill Crane
34:23 Imperial Age
33:59 Pikeman
34:26 Gambesons
34:42 Squires
34:27 Arson
34:57 Forging
34:49 Scale Mail Armor
34:54 Scale Barding Armor
34:50 Padded Archer Armor
34:41 Fletching
36:59 Crop Rotation
37:33 Two-Man Saw
37:11 Gold Shaft Mining
36:00 Capped Ram
37:55 Fortified Wall
37:55 Masonry
37:22 Heavy Mounted Crossbowman
37:23 Cranequins
38:34 Leather Archer Armor
38:17 Bodkin Arrow
38:51 Ballistics
39:56 Ring Archer Armor
39:43 Bloodlines
39:33 Husbandry
38:59 Cranequins
40:08 Conscription
42:02 Elite Skirmisher
고장난 선풍기
0:41 Loom
12:30 Feudal Age
14:48 Double-Bit Axe
18:38 Castle Age
16:54 Stone Mining
17:28 Gold Mining
33:45 Imperial Age
31:19 Padded Archer Armor
32:23 Wheelbarrow
31:56 Scale Mail Armor
31:43 Man-at-Arms
31:43 Pikeman
33:14 Forging
32:55 Fletching
33:26 Squires
33:20 Light Cavalry
34:07 Scale Barding Armor
33:48 Treadmill Crane
35:33 Chemistry
34:18 Long Swordsman
35:35 Husbandry
37:00 Chain Barding Armor
38:07 Bow Saw
38:45 Gold Shaft Mining
39:06 Logistica
39:14 Horse Collar
39:14 Two-Handed Swordsman
40:36 Fortified Wall
41:13 Iron Casting
41:16 Chain Mail Armor
42:30 Plate Barding Armor
42:40 Leather Archer Armor
43:08 Conscription
42:54 Elite Cataphract
44:04 Heavy Plow
44:52 Plate Mail Armor
44:25 Champion
45:28 Bodkin Arrow
45:45 Gambesons
46:10 Arson
47:17 Stone Shaft Mining
47:26 Ring Archer Armor
46:56 Bracer
46:24 Elite Skirmisher
47:29 Ballistics
49:36 Bracer
50:20 Capped Ram
51:22 Halberdier
53:17 Murder Holes
53:51 Hand Cart
53:26 Heavy Camel Rider
54:46 Crossbowman
56:02 Siege Ram
56:28 Onager
56:34 Arbalester
57:44 Elite Varangian Guard
58:07 Hussar
58:49 Cavalier
60:43 Guard Tower
65:26 Two-Man Saw
67:25 Thumb Ring
67:45 Greek Fire
72:16 Keep
73:00 Hoardings
Connection lost

Rejoining the realm…

Still unreachable

The connection could not be restored.

Session expired

The server has moved on; the page needs a fresh start.